Map: Orbital Shipyard

Players

Doran

  • Race: Terran Terran
  • League: Gold

Grumm - Winner!

  • Race: Protoss Protoss
  • League: Gold

VOD

Have the link to the VOD?

Description

Time

  • Played on: Jan. 15, 2016, 1:58 a.m.
  • Length: 12:18
Show
View Real Time Build Order
Export as new Build Order

Doran Terran 

Build Orders:  

Get SALT Encoding   

  12  0:01  SCV  
  13  0:13  SCV  
  14  0:24  Supply Depot  
  14  0:25  SCV  
  15  0:37  Supply Depot  
  15  0:46  SCV  
  15  0:48  Barracks  
  16  0:58  SCV  
  17  1:10  SCV  
  18  1:27  SCV  
  18  1:32  Command Center  
  19  1:40  Orbital Command  
  19  1:44  Marine  
  20  1:48  Refinery  
  20  1:53  Refinery  
  20  2:01  Marine  
  20  2:07  SCV  
  22  2:10  Supply Depot  
  22  2:20  Marine  
  23  2:28  SCV  
  24  2:37  Barracks  
  24  2:40  SCV  
  23  2:52  Marine  
  23  2:55  SCV  
  25  3:04  Barracks  
  25  3:05  Barracks x2  
  25  3:12  Factory  
  25  3:13  SCV  
  26  3:21  SCV  
  26  3:24  Marine  
  28  3:27  Barracks Tech Lab  
  28  3:35  SCV  
  28  3:40  Orbital Command  
  29  3:43  Marine  
  30  3:50  Supply Depot  
  30  3:52  SCV  
  30  3:55  Marauder  
  33  3:57  Barracks Tech Lab  
  33  4:04  Marine  
  33  4:08  Marine x2  
  36  4:12  Concussive Shells  
  35  4:23  Marauder  
  35  4:24  Marauder, Marine  
  39  4:25  Factory Tech Lab  
  39  4:27  SCV  
  41  4:32  Engineering Bay, SCV  
  41  4:35  Marine x2  
  44  4:40  SCV  
  45  4:47  Siege Tank  
  45  4:50  Marauder  
  45  4:51  Marine  
  51  4:53  Marine  
  51  4:58  SCV x2  
  54  5:11  SCV  
  54  5:12  SCV  
  54  5:13  Marauder x2, Marine x2  
  62  5:36  Engineering Bay  
  62  5:39  Marine x3  
  62  5:40  Marauder x2  
  62  5:41  Supply Depot x2, SCV  
  62  5:42  SCV  
  71  5:56  Siege Tank  
  74  5:57  Marine x3  
  74  6:02  Marauder  
  79  6:06  Supply Depot  
  79  6:11  Supply Depot  
  50  6:52  SCV  
  50  6:53  SCV  
  49  6:59  Command Center, Marine x3, Marauder x2  
  49  7:00  Command Center  
  56  7:05  Starport  
  56  7:07  Starport  
  56  7:12  SCV x2  
  58  7:17  Marine  
  58  7:20  Marauder  
  58  7:21  Marauder  
  63  7:27  SCV x2  
  63  7:29  Marine x2  
  66  7:33  Cyclone  
  70  7:40  Refinery x2  
  70  7:52  Marine x3  
  70  7:53  Marine x2  
  70  7:54  Starport Reactor, SCV x2  
  70  7:58  Supply Depot x2  
  77  8:05  Starport Reactor  
  77  8:06  SCV  
  78  8:20  SCV x2  
  78  8:21  Marine x5  
  78  8:25  Widow Mine  
  78  8:26  Missile Turret  
  87  8:33  Sensor Tower  
  87  8:37  SCV  
  87  8:38  Marine, SCV  
  87  8:39  Marine x4  
  94  8:41  Viking x2  
  98  8:59  Refinery  
  98  9:01  Marauder x2  
  102  9:03  Viking  
  102  9:07  Refinery  
  104  9:16  Orbital Command  
  104  9:17  SCV x2  
  104  9:19  Marine x2  
  108  9:29  SCV x2  
  110  9:31  Viking  
  110  9:33  Viking  
  114  9:48  SCV x2  
  116  9:54  Viking x2  
  116  9:56  Marine  
  116  9:57  Marauder x2, Marine x2  
  127  10:01  Viking, Cyclone  
  132  10:08  SCV x2  
  134  10:14  Marine  
  134  10:18  Planetary Fortress  
  135  10:21  Viking  
  135  10:24  Viking  
  135  10:25  Marine x2  
  141  10:32  Marine x3  
  96  10:43  Marine x2  
  96  10:46  Viking x2  
  83  10:50  Marine x3  
  70  11:07  Marine x2  
  70  11:08  Widow Mine, Marine x2  
  70  11:09  Viking  
  70  11:10  Viking  
Show
View Real Time Build Order
Export as new Build Order

Grumm Protoss - Winner!

Build Orders: 1 Gate Expand, Colossus Rush 

Get SALT Encoding   

  12  0:01  Probe (Chrono Boost)  
  13  0:11  Probe (Chrono Boost)  
  14  0:22  Probe (Chrono Boost)  
  14  0:26  Pylon  
  15  0:35  Assimilator  
  15  0:44  Probe (Chrono Boost)  
  16  0:50  Gateway  
  16  0:55  Probe (Chrono Boost)  
  17  1:18  Nexus  
  17  1:22  Probe (Chrono Boost)  
  18  1:37  Zealot  
  20  1:46  Probe (Chrono Boost)  
  21  1:48  Cybernetics Core  
  21  1:56  Assimilator  
  21  1:57  Probe (Chrono Boost)  
  22  2:04  Pylon  
  22  2:18  Forge  
  22  2:21  Probe (Chrono Boost)  
  23  2:31  Mothership Core (Chrono Boost)  
  23  2:32  Probe (Chrono Boost)  
  26  2:42  Probe (Chrono Boost)  
  27  2:49  Probe (Chrono Boost)  
  27  2:54  Probe (Chrono Boost)  
  27  2:58  Stalker  
  30  2:59  Probe (Chrono Boost), Warp Gate (Chrono Boost)  
  30  3:04  Probe  
  31  3:06  Assimilator  
  32  3:20  Probe  
  32  3:21  Probe, Photon Cannon  
  34  3:30  Probe  
  34  3:34  Probe  
  36  3:36  Pylon  
  36  3:41  Probe  
  36  3:46  Probe  
  38  3:50  Robotics Facility  
  38  3:51  Probe  
  38  3:53  Pylon  
  39  3:57  Protoss Ground Armor Level 1  
  39  3:58  Probe  
  39  4:02  Probe  
  40  4:07  Assimilator  
  41  4:10  Probe  
  41  4:13  Pylon  
  42  4:31  Probe  
  42  4:33  Nexus  
  43  4:39  Robotics Bay  
  43  4:41  Gateway  
  43  4:42  Probe (Chrono Boost), Gateway  
  44  4:52  Probe (Chrono Boost)  
  45  4:54  Probe (Chrono Boost)  
  45  4:57  Immortal  
  50  5:01  Zealot  
  50  5:05  Probe (Chrono Boost)  
  53  5:07  Probe (Chrono Boost)  
  54  5:15  Pylon, Probe (Chrono Boost)  
  54  5:19  Forge, Probe (Chrono Boost)  
  54  5:31  Probe (Chrono Boost)  
  55  5:36  Colossus  
  55  5:37  Stargate  
  61  5:44  Probe x2 (Chrono Boost)  
  61  5:45  Assimilator  
  61  5:46  Assimilator  
  61  5:47  Stalker  
  61  5:48  Zealot  
  61  5:49  Zealot  
  69  5:54  Probe (Chrono Boost)  
  70  5:59  Probe x2 (Chrono Boost)  
  72  6:04  Probe (Chrono Boost)  
  72  6:09  Probe (Chrono Boost)  
  72  6:10  Probe (Chrono Boost)  
  75  6:13  Stalker  
  75  6:14  Zealot  
  75  6:15  Probe (Chrono Boost), Sentry  
  82  6:20  Probe x2 (Chrono Boost)  
  85  6:25  Probe (Chrono Boost)  
  79  6:53  Pylon  
  79  6:56  Protoss Ground Weapons Level 1  
  79  6:58  Pylon  
  79  7:02  Pylon  
  79  7:04  Pylon  
  79  7:06  Photon Cannon  
  79  7:11  Colossus (Chrono Boost)  
  79  7:15  Probe  
  85  7:16  Void Ray, Pylon, Probe  
  85  7:18  Stargate  
  91  7:24  Fleet Beacon  
  91  7:26  Probe  
  91  7:29  Protoss Shields Level 1  
  92  7:30  Photon Cannon  
  92  7:31  Probe  
  92  7:33  Probe  
  92  7:35  Twilight Council  
  92  7:36  Extended Thermal Lance (Chrono Boost)  
  94  7:37  Probe  
  94  7:39  Zealot x3  
  101  7:47  Photon Cannon  
  101  7:58  Probe  
  101  8:00  Colossus  
  116  8:07  Tempest (Chrono Boost)  
  116  8:08  Tempest (Chrono Boost)  
  116  8:11  Probe  
  117  8:19  Pylon  
  117  8:26  Pylon  
  117  8:31  Pylon  
  117  8:36  Pylon, Probe  
  117  8:37  Probe x2, Charge  
  120  8:43  Pylon  
  120  8:46  Probe, Tempest (Chrono Boost)  
  120  8:48  Tempest (Chrono Boost)  
  129  8:49  Probe x2  
  131  9:04  Stalker  
  131  9:05  Stalker x2  
  137  9:13  Gateway  
  137  9:17  Gateway  
  137  9:20  Pylon, Photon Cannon  
  137  9:23  Void Ray (Chrono Boost)  
  141  9:25  Void Ray (Chrono Boost)  
  145  9:35  Pylon  
  145  9:38  Gateway  
  145  9:55  Stalker x3  
  151  10:05  Probe  
  156  10:07  Immortal  
  156  10:09  Void Ray (Chrono Boost)  
  156  10:10  Void Ray (Chrono Boost)  
  156  10:13  Zealot x2  
  160  10:41  Stalker x2  
  160  10:42  Stalker x3  
Tags
 
Add a new tag
Caveats
  • Supply blocks, unpowered buildings, or Contaminate may cause inaccurate times.
  • Supply counts are checked every 10 seconds.